[Event "Team 45 45 League T47"]
[Site "Internet Chess Club"]
[Date "2010.11.20"]
[Round "3"]
[White "BotanicalKnight"]
[Black "SCUGrad"]
[Result "1-0"]
[WhiteElo "1577"]
[BlackElo "1483"]
[Opening "Bishop's opening: Berlin defense"]
[ECO "C24"]
[Time "20:03:37"]
[TimeControl "2700+45"]

1. e4 e5 2. Bc4 Nf6 3. d3 Bc5 4. Nc3 d6 5. Na4 Nbd7 6. Nxc5 Nxc5 7. b4 Na4 8.
Bb3 Bd7 9. f4 O-O 10. Nf3 Qe7 11. O-O Nb6 12. fxe5 dxe5 13. Bb2 Bg4 14. h3 Bxf3
15. Qxf3 Nbd7 16. Bc3 Nc5 17. bxc5 Qxc5+ 18. d4 exd4 19. Bd2 d3+ 20. Be3 {Black
resigns} 1-0

[Event "Team 45 45 League T47"]
[Site "Internet Chess Club"]
[Date "2010.11.22"]
[Round "3"]
[White "AlPearson"]
[Black "JohLeb"]
[Result "0-1"]
[WhiteElo "1374"]
[BlackElo "1327"]
[Opening "English opening"]
[ECO "A10"]
[Time "13:29:27"]
[TimeControl "2700+45"]

1. c4 Nc6 2. g3 Nf6 3. Bg2 e6 4. Nc3 Bc5 5. Nf3 O-O 6. d4 Bb4 7. a3 Bxc3+ 8.
bxc3 d5 9. cxd5 Qxd5 10. O-O Ne4 11. Ne5 Nxc3 12. Nxc6 Qxc6 13. Bxc6 Nxd1 14.
Bxb7 Bxb7 15. Rxd1 Rad8 16. e3 Bf3 17. Rd3 c5 18. Bb2 cxd4 19. Rxd4 Rxd4 20.
Bxd4 a6 21. Rc1 f6 22. Kf1 e5 23. Bc5 Rc8 24. Ke1 Kf7 25. Kd2 Ke6 26. Bb4 Rxc1
27. Kxc1 Kd5 28. Bf8 g6 29. Bg7 f5 30. Kc2 e4 31. Kc3 Kc5 32. Bf8+ Kb5 33. Kd4
a5 34. Kd5 a4 35. Ke6 Kc4 36. Kf6 Kd3 37. Kg5 Ke2 38. Kh6 Bh5 39. Kxh7 Kxf2 40.
Bc5 Kg2 41. Kh6 Kxh2 42. Bd6 Kg2 43. Kg5 Kf3 44. Bf4 Ke2 45. Kf6 Kd3 46. Ke6 Kc4
47. Bd6 Kd3 48. Bf4 Ke2 49. Ke5 Kf2 50. Ke6 Kg2 51. Kd5 Kh3 52. Kc4 Bd1 53. Kc3
Kg4 54. Kd2 Bb3 55. Ke2 g5 56. Bd6 Kh3 {White forfeits on time} 0-1

[Event "Team 45 45 League T47"]
[Site "Internet Chess Club"]
[Date "2010.11.17"]
[Round "3"]
[White "Burbia"]
[Black "TheronUAL"]
[Result "1-0"]
[WhiteElo "1423"]
[BlackElo "1509"]
[Opening "Caro-Kann: Steinitz variation"]
[ECO "B17"]
[Time "17:00:28"]
[TimeControl "2700+45"]

1. e4 c6 2. d4 d5 3. Nc3 dxe4 4. Nxe4 Nd7 5. Nf3 Ngf6 6. Nxf6+ Nxf6 7. c3 e6 8.
Bd3 Bd6 9. Bg5 h6 10. Bh4 O-O 11. O-O Be7 12. h3 Nd5 13. Bxe7 Qxe7 14. Re1 b6
15. Be4 Bb7 16. Qa4 c5 17. c4 Nf6 18. Bxb7 Qxb7 19. dxc5 bxc5 20. Ne5 Rac8 21.
b3 Rfd8 22. Rad1 Ne4 23. Qa5 Qb6 24. Qxb6 axb6 25. Rxd8+ Rxd8 26. Rxe4 Rd1+ 27.
Kh2 Rd2 28. Rf4 f6 29. Nc6 Rxa2 30. b4 e5 31. Re4 cxb4 32. Nxb4 Rxf2 33. Nd5 Rb2
34. Re1 Kf7 35. Ra1 b5 36. cxb5 Rxb5 37. Ra7+ Kg6 38. Nc7 Rb3 39. Ne6 e4 40.
Rxg7+ Kh5 41. Nf4+ Kh4 42. g3+ Rxg3 43. Rxg3 f5 44. Ne6 Kh5 45. Ng7+ Kh4 46.
Nxf5+ Kh5 47. Nxh6 Kxh6 48. Re3 Kg5 49. Rxe4 Kf5 50. Rg4 Kf6 51. Kg3 Kf5 52. h4
Kf6 53. h5 Kf7 54. h6 Kf8 55. h7 Kf7 56. h8=Q Ke7 57. Rg6 Kf7 58. Qh7+ Ke8 59.
Rg8# {Black checkmated} 1-0

[Event "Team 45 45 League T47"]
[Site "Internet Chess Club"]
[Date "2010.11.19"]
[Round "3"]
[White "AtomicDog"]
[Black "Aquaman"]
[Result "0-1"]
[WhiteElo "1604"]
[BlackElo "1345"]
[Opening "Robatsch (modern) defense"]
[ECO "B06"]
[Time "15:00:26"]
[TimeControl "2700+45"]

1. e4 g6 2. Nc3 c6 3. d4 Bg7 4. Be3 d6 5. Bc4 Nf6 6. f3 O-O 7. Nge2 Nbd7 8. Qd2
e5 9. g4 exd4 10. Nxd4 Ne5 11. Be2 a6 12. Nd1 c5 13. Nb3 b6 14. Nf2 d5 15. Bg5
d4 16. f4 Nexg4 17. Nxg4 Nxe4 18. Bxd8 Nxd2 19. Nxd2 Rxd8 20. O-O-O Re8 21. Bd3
Bxg4 22. Rde1 a5 23. Nc4 Rxe1+ 24. Rxe1 b5 25. Nb6 Rb8 26. Nd5 c4 27. Ne7+ Kf8
28. Nc6 Re8 29. Rxe8+ Kxe8 30. Be4 a4 31. Nb4 Bd7 32. Kd2 f5 33. Bf3 Ke7 34.
Nd5+ Kd6 35. Nb4 Bh6 36. Nd5 Bc6 {White resigns} 0-1

[Event "Team 45 45 League T47"]
[Site "Internet Chess Club"]
[Date "2010.11.20"]
[Round "3"]
[White "rahulr"]
[Black "OOB1"]
[Result "1-0"]
[WhiteElo "1552"]
[BlackElo "1528"]
[Opening "Réti: King's Indian attack (Barcza system)"]
[ECO "A07"]
[Time "21:01:35"]
[TimeControl "2700+45"]

1. Nf3 d5 2. g3 Nc6 3. Bg2 e5 4. d3 Nf6 5. O-O h6 6. Nbd2 Bd6 7. e4 Be6 8. Re1
Qd7 9. exd5 Nxd5 10. Nc4 f6 11. Nxd6+ Qxd6 12. d4 O-O-O 13. c4 Bg4 14. cxd5 Nxd4
15. Be3 Nf5 16. h3 Nxe3 17. Rxe3 Bh5 18. g4 Bg6 19. Nh4 Bf7 20. Nf5 Qf8 21. Rc1
g6 22. d6 gxf5 23. Rxc7+ Kb8 24. Rxb7+ Ka8 25. Rb6+ e4 26. Qa4 Bd5 27. Ra6 Qf7
28. Ra3 Rd7 29. gxf5 Rg8 30. Kh2 Rxg2+ 31. Kxg2 e3+ 32. Kg1 Bf3 33. Qf4 Qg8+ 34.
Qg3 Qd5 35. Kh2 e2 36. Re3 Kb7 37. Raa3 Rxd6 38. Qg7+ Rd7 39. Reb3+ Ka8 40. Qf8+
Rd8 41. Rxa7+ Kxa7 42. Qa3+ {Black resigns} 1-0

[Event "Team 45 45 League T47"]
[Site "Internet Chess Club"]
[Date "2010.11.22"]
[Round "3"]
[White "BaumDeezy"]
[Black "houseofcook"]
[Result "1/2-1/2"]
[WhiteElo "1392"]
[BlackElo "1430"]
[Opening "English: Neo-Catalan declined"]
[ECO "A14"]
[Time "15:00:27"]
[TimeControl "2700+45"]

1. c4 Nf6 2. Nf3 e6 3. g3 d5 4. Bg2 Be7 5. O-O O-O 6. b3 Nbd7 7. Bb2 c6 8. d3
Bd6 9. Nbd2 Bc7 10. Rc1 e5 11. e3 Re8 12. Qc2 Nf8 13. cxd5 Nxd5 14. d4 Ng6 15.
a3 Bd7 16. Nc4 e4 17. Ne1 f5 18. Nd2 Rc8 19. Nb1 Be6 20. Nc3 Bb8 21. Qd2 Nge7
22. Nc2 Qb6 23. b4 Nxc3 24. Qxc3 Nd5 25. Qd2 Rf8 26. Na1 Qd8 27. Nb3 b6 28. Na1
Bf7 29. Rc2 Bh5 30. Rfc1 Qd7 31. Nb3 Rfe8 {Game drawn by mutual agreement}
1/2-1/2

[Event "Team 45 45 League T47"]
[Site "Internet Chess Club"]
[Date "2010.11.21"]
[Round "3"]
[White "RickLR"]
[Black "Visin"]
[Result "0-1"]
[WhiteElo "1270"]
[BlackElo "1210"]
[Opening "Réti opening"]
[ECO "A13"]
[Time "09:00:19"]
[TimeControl "2700+45"]

1. Nf3 e6 2. c4 Nf6 3. b3 Nc6 4. g3 Bb4 5. Bg2 d5 6. O-O O-O 7. a3 Be7 8. Bb2
dxc4 9. bxc4 Rb8 10. d3 Bd7 11. Nbd2 a6 12. Ra2 b5 13. cxb5 Rxb5 14. Qa1 Qb8 15.
Rc1 Qa7 16. a4 Rbb8 17. Ne1 Qb6 18. Nc4 Qa7 19. Ne5 Nxe5 20. Bxe5 Rfc8 21. Rac2
Bd6 22. Bxf6 gxf6 23. Qxf6 Bxa4 24. Rc4 Bd7 25. Rg4+ Kf8 26. Qg7+ Ke7 27. Qxh7
Be5 28. Rgc4 Rh8 29. Qe4 Bd6 30. Qd4 Qxd4 31. Rxd4 Rb2 32. e3 Rhb8 33. Ra1 Rb1
34. Rxb1 Rxb1 35. Kf1 a5 36. Ke2 a4 37. Kf3 a3 38. Nc2 a2 39. h4 a1=Q 40. Nxa1
Rxa1 41. h5 f5 42. Rh4 Ra8 43. Ke2 Rh8 44. f3 Bxg3 45. Rh3 {White resigns} 0-1

[Event "Team 45 45 League T47"]
[Site "Internet Chess Club"]
[Date "2010.11.21"]
[Round "3"]
[White "katabatico"]
[Black "Fogbound"]
[Result "1-0"]
[WhiteElo "1315"]
[BlackElo "1304"]
[Opening "Caro-Kann defense"]
[ECO "B15"]
[Time "14:01:09"]
[TimeControl "2700+45"]

1. e4 c6 2. d4 d5 3. Nc3 b6 4. e5 e6 5. Nf3 Ba6 6. Bxa6 Nxa6 7. a3 h6 8. O-O Ne7
9. b4 Qd7 10. Qe2 b5 11. Rb1 Nf5 12. g4 Ne7 13. a4 Nc7 14. Bf4 Ng6 15. Bg3 Be7
16. a5 Na6 17. Na2 Qd8 18. c3 Qd7 19. Nc1 O-O-O 20. Nd3 h5 21. gxh5 Rxh5 22. Nh4
Rg5 23. f4 Rxg3+ 24. hxg3 Rh8 25. Nxg6 fxg6 26. Kg2 Qe8 27. Qg4 Nc7 28. Rh1 Rf8
29. Rh7 Qf7 30. Rbh1 Ne8 31. Rh8 Qf5 32. Qxf5 gxf5 33. Rxf8 Bxf8 34. Rh8 Kb8 35.
Rxf8 {Black resigns} 1-0

[Event "Team 45 45 League T47"]
[Site "Internet Chess Club"]
[Date "2010.11.23"]
[Round "3"]
[White "SeniorCitizen"]
[Black "BrianWood"]
[Result "0-1"]
[WhiteElo "1303"]
[BlackElo "1355"]
[Opening "Pirc: classical system, 5.Be2"]
[ECO "B08"]
[Time "10:00:05"]
[TimeControl "2700+45"]

1. e4 d6 2. d4 Nf6 3. Nc3 g6 4. Nf3 Bg7 5. Be2 O-O 6. Be3 b6 7. O-O Bb7 8. Bd3
c5 9. e5 Ng4 10. dxc5 Nxe3 11. fxe3 dxc5 12. Be4 Qxd1 13. Raxd1 Bxe4 14. Nxe4
Nc6 15. c3 Nxe5 16. Nxe5 Bxe5 17. Rd7 f5 18. Ng5 Rfd8 19. Rfd1 Rxd7 20. Rxd7 Bf6
21. Ne6 a6 22. Nc7 Ra7 23. Rd8+ Kf7 24. Nd5 b5 25. Nxf6 Kxf6 26. Kf2 c4 27. Kf3
e5 28. h4 h6 29. Rd6+ Kf7 30. g4 fxg4+ 31. Kxg4 a5 32. Rd5 b4 33. Rxe5 bxc3 34.
bxc3 Re7 35. Rxe7+ Kxe7 36. Kf4 Ke6 37. e4 g5+ 38. hxg5 hxg5+ 39. Kxg5 Ke5
{White resigns} 0-1

[Event "Team 45 45 League T47"]
[Site "Internet Chess Club"]
[Date "2010.11.20"]
[Round "3"]
[White "dabodhi"]
[Black "Cicero"]
[Result "0-1"]
[WhiteElo "1134"]
[BlackElo "1314"]
[Opening "Sicilian: accelerated fianchetto, modern variation with Bc4"]
[ECO "B35"]
[Time "20:00:18"]
[TimeControl "2700+45"]

1. e4 c5 2. Nf3 g6 3. d4 cxd4 4. Nxd4 Nc6 5. Nc3 Bg7 6. Be3 Nf6 7. Bc4 O-O 8. f3
a6 9. Qd2 Ne5 10. Bb3 b5 11. Bh6 Nc4 12. Bxc4 bxc4 13. Bxg7 Kxg7 14. g4 e6 15.
h4 Qc7 16. Nde2 d5 17. h5 Kh8 18. hxg6 fxg6 19. Qh6 Qg7 20. Nf4 Qxh6 21. Rxh6
Ng8 22. Nxg6+ Kg7 23. Nxf8 Nxh6 24. Nxh7 Kxh7 25. exd5 Bb7 26. O-O-O Kg7 27. d6
Bxf3 28. Rd2 e5 29. d7 Nf7 30. g5 Nd8 31. Na4 Rb8 32. c3 Rb5 33. Rd6 Ra5 34. b3
cxb3 35. axb3 e4 36. Rb6 Rd5 37. Rxa6 Rxd7 38. Nc5 Re7 39. Rf6 Bh5 40. Rh6 Bf7
41. b4 Re5 42. Rd6 Ne6 43. Rd7 Nxg5 44. Kd2 Nf3+ 45. Ke3 Ng5 46. Kf4 Kf6 47.
Rd6+ Ne6+ 48. Ke3 Kf5 49. Nd7 Rb5 50. Nc5 Nxc5 51. bxc5 Rxc5 52. Kd4 Rd5+ 53.
Rxd5+ Bxd5 54. Ke3 Bc4 55. Kd2 Kf4 56. Ke1 Kf3 57. Kd2 Kf2 58. Kd1 e3 59. Kc1 e2
60. Kd2 e1=Q+ {White resigns} 0-1

[Event "Team 45 45 League T47"]
[Site "Internet Chess Club"]
[Date "2010.11.19"]
[Round "3"]
[White "lawth3"]
[Black "tcianciola"]
[Result "1-0"]
[WhiteElo "1070"]
[BlackElo "1134"]
[Opening "QGD: Orthodox defense, Botvinnik variation"]
[ECO "D60"]
[Time "09:00:20"]
[TimeControl "2700+45"]

1. d4 d5 2. c4 e6 3. Nc3 Nf6 4. Bg5 Be7 5. e3 O-O 6. Nf3 Nbd7 7. Bd3 h6 8. Bh4
b6 9. O-O Bb7 10. Rc1 c5 11. cxd5 exd5 12. Ne5 c4 13. Bb1 Qc7 14. Nxd7 Qxd7 15.
Qc2 Qg4 16. Bxf6 Rfe8 17. Qh7+ {Black resigns} 1-0

[Event "Team 45 45 League T47"]
[Site "Internet Chess Club"]
[Date "2010.11.21"]
[Round "3"]
[White "oldbookseller"]
[Black "Graybeard"]
[Result "0-1"]
[WhiteElo "904"]
[BlackElo "1132"]
[Opening "Queen's pawn game, Chigorin variation"]
[ECO "D02"]
[Time "19:04:47"]
[TimeControl "2700+45"]

1. d4 d5 2. Nf3 Nc6 3. c3 e6 4. e3 Bd6 5. Bd3 Nf6 6. Nbd2 O-O 7. O-O e5 8. e4
dxe4 9. Nxe4 Bg4 10. h3 Bh5 11. Qe2 exd4 12. Qc2 Bxf3 13. gxf3 Nh5 14. Qd2 Nf4
15. Bc4 Nxh3+ 16. Kg2 Nf4+ 17. Kh1 Qh4+ 18. Kg1 Ne5 19. Qxd4 Nxf3# {White
checkmated} 0-1

[Event "Team 45 45 League T47"]
[Site "Internet Chess Club"]
[Date "2010.11.19"]
[Round "3"]
[White "The-Capitalist"]
[Black "baseball613"]
[Result "1-0"]
[WhiteElo "1425"]
[BlackElo "1294"]
[Opening "Caro-Kann: advance variation"]
[ECO "B12"]
[Time "21:00:26"]
[TimeControl "2700+45"]

1. e4 c6 2. d4 d5 3. e5 Bf5 4. Nf3 e6 5. Be2 c5 6. Be3 Nc6 7. dxc5 Qa5+ 8. c3
Bxc5 9. b4 Nxb4 10. cxb4 Qxb4+ 11. Bd2 Qb6 12. Qa4+ Ke7 13. O-O Be4 14. Bc3 Nh6
15. Nbd2 Bg6 16. Nb3 Bxf2+ 17. Rxf2 Ng4 18. Qxg4 Rac8 19. Bb4+ Ke8 20. Qh4 Rc7
21. Ba5 Qe3 22. Bb5+ {Black resigns} 1-0

[Event "Team 45 45 League T47"]
[Site "Internet Chess Club"]
[Date "2010.11.21"]
[Round "3"]
[White "iceface"]
[Black "bowwrestler"]
[Result "0-1"]
[WhiteElo "1301"]
[BlackElo "1234"]
[Opening "Scandinavian: Pytel-Wade variation"]
[ECO "B01"]
[Time "17:00:17"]
[TimeControl "2700+45"]

1. e4 d5 2. exd5 Qxd5 3. Nc3 Qd6 4. Nf3 Nf6 5. d3 a6 6. g3 b5 7. a3 Bb7 8. Bg2
Nbd7 9. Bf4 Qb6 10. O-O e6 11. Re1 Bc5 12. Qd2 Ng4 13. Be3 Nxe3 14. fxe3 O-O 15.
d4 Be7 16. d5 exd5 17. Nxd5 Bxd5 18. Qxd5 Rad8 19. Qa2 Bc5 20. Qb3 Rfe8 21. Kf2
a5 22. Rad1 Nf6 23. Rxd8 Rxd8 24. Ne5 Rd2+ 25. Re2 Rxe2+ 26. Kxe2 Qe6 27. Qxe6
fxe6 28. Kd3 Kf8 29. e4 Ke7 30. Nc6+ Kd6 31. Nxa5 Bg1 32. h3 h5 33. b3 Bh2 34.
a4 bxa4 35. bxa4 Bxg3 36. Kc4 Ke5 37. Nc6+ Kd6 38. Kb5 g5 39. a5 g4 40. a6 Bf2
41. c3 gxh3 42. Bxh3 Nxe4 43. Nd4 Nxc3+ 44. Kc4 Na4 45. Nxe6 Nb6+ 46. Kb5 c6+
47. Kb4 c5+ 48. Nxc5 Bxc5+ 49. Kb5 Nd5 50. Bc8 Nc7+ 51. Ka5 h4 52. Bb7 h3 53.
Bf3 h2 54. Bh1 Nd5 55. Kb5 Nf6 56. Bf3 Nd7 57. Bh1 Ne5 58. Bb7 Ng4 59. Bg2 Nf2
60. Ba8 Ba7 61. Bf3 Ke5 62. Kc6 Kf4 63. Bg2 Kg3 64. Bd5 Ng4 65. Kb7 Be3 66. a7
Bxa7 67. Kxa7 Nf2 68. Kb6 Nh3 69. Kc5 Nf4 70. Ba8 Ng2 71. Bxg2 Kxg2 72. Kd5 h1=Q
73. Ke5 Qd1 74. Ke6 Qd4 75. Ke7 Qd5 76. Kf6 Kf3 77. Ke7 Kf4 78. Kf6 Qe5+ 79. Kf7
Kf5 80. Kf8 Qc7 81. Kg8 Kg6 82. Kf8 Qf7# {White checkmated} 0-1

[Event "Team 45 45 League T47"]
[Site "Internet Chess Club"]
[Date "2010.11.19"]
[Round "3"]
[White "WhoHuhWhat"]
[Black "carolinaknight"]
[Result "0-1"]
[WhiteElo "1045"]
[BlackElo "1328"]
[Opening "English opening"]
[ECO "A13"]
[Time "21:00:13"]
[TimeControl "2700+45"]

1. c4 e6 2. g3 c5 3. Nc3 Nf6 4. Bg2 Be7 5. Nf3 Nc6 6. O-O O-O 7. d3 h6 8. Be3 d5
9. cxd5 exd5 10. d4 Qb6 11. dxc5 Qxb2 12. Qc1 Qb4 13. Qd2 Be6 14. Rab1 Qc4 15.
Rxb7 Rfd8 16. Nd4 Nxd4 17. Bxd4 Bxc5 18. Rc7 Qxd4 19. Qxd4 Bxd4 20. Nb5 Bb6 21.
Rc3 a6 22. Na3 Ba5 23. Rc5 Bb4 {White resigns} 0-1

[Event "Team 45 45 League T47"]
[Site "Internet Chess Club"]
[Date "2010.11.19"]
[Round "3"]
[White "iwin2"]
[Black "KidRattler"]
[Result "1-0"]
[WhiteElo "1059"]
[BlackElo "1075"]
[Opening "French: exchange variation"]
[ECO "C01"]
[Time "17:57:33"]
[TimeControl "2700+45"]

1. e4 e6 2. d4 d5 3. exd5 exd5 4. Nc3 Nf6 5. Nf3 Qe7+ 6. Be2 Qd8 7. O-O Be7 8.
Re1 O-O 9. Qd3 g6 10. Bh6 Re8 11. Qe3 Nfd7 12. Ne5 Bf6 13. Nxd7 Rxe3 14. Nxf6+
Qxf6 15. Bxe3 Bf5 16. Nxd5 Qd6 17. Bc4 c6 18. Nc3 Bxc2 19. Rac1 Bf5 20. Bh6 Nd7
21. Re3 Nf6 22. Rce1 Qd7 23. Bg5 Ne8 24. Re7 Qxd4 25. Bxf7+ Kg7 26. Bxe8+ Kg8
27. Bf7+ Kg7 28. Rxb7 Qd6 29. Be6+ Kf8 30. Bh6+ Ke8 31. Bxf5+ Kd8 32. Bg5+ Qe7
33. Bxe7+ Ke8 34. Bg5+ Kf8 35. Bh6+ Kg8 36. Be6+ Kh8 37. Bg7# {Black checkmated}
1-0

[Event "Team 45 45 League T47"]
[Site "Internet Chess Club"]
[Date "2010.11.23"]
[Round "3"]
[White "malihini"]
[Black "seattleblues"]
[Result "1-0"]
[WhiteElo "1255"]
[BlackElo "1290"]
[Opening "French: Labourdonnais variation"]
[ECO "C00"]
[Time "09:03:15"]
[TimeControl "2700+45"]

1. e4 e6 2. f4 d5 3. e5 Nh6 4. Nf3 Nd7 5. d4 c5 6. c3 Nf5 7. b3 Nb8 8. Bd3 Nc6
9. Bxf5 exf5 10. O-O Bd7 11. a4 Be7 12. Ba3 Qb6 13. dxc5 Bxc5+ 14. Bxc5 Qxc5+
15. Nd4 Nxd4 16. Qxd4 Qc6 17. Nd2 O-O 18. c4 Be6 19. Rac1 dxc4 20. Nxc4 Rad8 21.
Nd6 Qd7 22. Rf3 Qe7 23. Qxa7 Bd5 24. Rd3 Be4 25. Rd4 h6 26. Rdc4 Qh4 27. Nxe4
fxe4 28. Rxe4 Rd2 29. Qe3 Rfd8 30. Qg3 Rd1+ 31. Rxd1 Rxd1+ 32. Kf2 Qd8 33. Re3
Rd2+ 34. Re2 Qb6+ 35. Qe3 Rxe2+ 36. Kxe2 Qa6+ 37. Qd3 Qg6 38. Qxg6 fxg6 39. Ke3
Kf7 40. Ke4 Ke6 41. b4 Kd7 42. Kd5 Kc7 43. e6 Kd8 44. Kd6 {Black resigns} 1-0

[Event "Team 45 45 League T47"]
[Site "Internet Chess Club"]
[Date "2010.11.21"]
[Round "3"]
[White "Traho"]
[Black "otib2006"]
[Result "1-0"]
[WhiteElo "1286"]
[BlackElo "1201"]
[Opening "Sicilian: wing gambit"]
[ECO "B20"]
[Time "10:24:16"]
[TimeControl "2700+45"]

1. e4 c5 2. b4 d6 3. a3 Nf6 4. Nc3 e5 5. Bc4 Be7 6. h3 Nc6 7. Nd5 Nxd5 8. Bxd5
Be6 9. Bxe6 fxe6 10. c3 O-O 11. Nf3 d5 12. exd5 exd5 13. d4 e4 14. Ne5 Nxe5 15.
dxe5 cxb4 16. axb4 d4 17. Qxd4 Qxd4 18. cxd4 Bxb4+ 19. Bd2 Bxd2+ 20. Kxd2 Rxf2+
21. Ke3 Rxg2 22. Kxe4 Re2+ 23. Kd3 Rb2 24. Rab1 Rxb1 25. Rxb1 Rb8 26. Rb5 Kf7
27. d5 a6 28. e6+ Ke7 29. Rb6 h5 30. Ke4 g5 31. Kf5 a5 32. Kxg5 a4 33. Kxh5 a3
34. Rb3 a2 35. Ra3 Kd6 36. Rxa2 Kxd5 37. Re2 Kd6 38. Kg6 Re8 39. h4 b5 40. h5 b4
41. h6 b3 42. h7 b2 43. Rxb2 Rxe6+ 44. Kg5 Re5+ 45. Kg4 Re4+ 46. Kg3 Re3+ 47.
Kg2 Re8 48. Rd2+ Kc5 49. Rd7 Rh8 50. Kh3 Kc6 51. Rg7 Kd6 52. Kh4 Ke6 53. Kh5 Kf6
54. Ra7 Ke6 55. Kg6 Rb8 56. Ra6+ Kd5 57. Rf6 Ke5 58. Kg7 Rb7+ 59. Rf7 Rb1 60.
h8=Q Rg1+ 61. Kf8+ Ke6 62. Qh6+ Kd5 63. Qd2+ Kc6 64. Qc3+ Kd5 65. Rd7+ Ke6 66.
Qe3+ Kxd7 67. Qxg1 Kc6 68. Qd4 Kb5 69. Ke7 Kc6 70. Qc4+ Kb7 71. Kd6 Ka7 72. Kc6
Kb8 73. Qb5+ Kc8 74. Qb7+ {Black forfeits on time} 1-0

[Event "Team 45 45 League T47"]
[Site "Internet Chess Club"]
[Date "2010.11.20"]
[Round "3"]
[White "dpmdpm"]
[Black "BosqueVerde"]
[Result "0-1"]
[WhiteElo "1371"]
[BlackElo "1222"]
[Opening "Sicilian defense"]
[ECO "B32"]
[Time "14:00:25"]
[TimeControl "2700+45"]

1. e4 c5 2. Nf3 Nc6 3. d4 cxd4 4. Nxd4 Nxd4 5. Qxd4 e6 6. Bd3 d5 7. O-O Qc7 8.
exd5 exd5 9. Qxd5 Bd6 10. h3 Nf6 11. Re1+ Be6 12. Qf3 O-O 13. Nc3 Rac8 14. Bg5
Be7 15. Bf4 Qb6 16. Na4 Qb4 17. b3 b5 18. Nb2 Bd5 19. Qd1 Qxf4 20. Rxe7 Qg5 21.
f3 Nh5 22. Be4 Nf4 23. Qd2 Bxe4 24. Rxe4 Nxh3+ {White resigns} 0-1

[Event "Team 45 45 League T47"]
[Site "Internet Chess Club"]
[Date "2010.11.21"]
[Round "3"]
[White "WannaB"]
[Black "NewfieKnight"]
[Result "0-1"]
[WhiteElo "959"]
[BlackElo "1298"]
[Opening "Two knights defense"]
[ECO "C55"]
[Time "20:03:16"]
[TimeControl "2700+45"]

1. e4 e5 2. Nf3 Nc6 3. Bc4 Nf6 4. Bxf7+ Kxf7 5. Ng5+ Kg8 6. c3 h6 7. Qa4 hxg5 8.
Qc4+ d5 9. exd5 Nxd5 10. O-O g4 11. a3 a5 12. d3 Qd6 13. Nd2 e4 14. Nxe4 Qxh2#
{White checkmated} 0-1

[Event "Team 45 45 League T47"]
[Site "Internet Chess Club"]
[Date "2010.11.21"]
[Round "3"]
[White "Ivio"]
[Black "gerailen0075"]
[Result "1-0"]
[WhiteElo "1788"]
[BlackElo "1786"]
[Opening "Nimzo-Indian: Sämisch variation"]
[ECO "E24"]
[Time "10:01:34"]
[TimeControl "2700+45"]

1. d4 e6 2. c4 Nf6 3. Nc3 Bb4 4. a3 Bxc3+ 5. bxc3 b6 6. Nf3 Bb7 7. Bg5 h6 8. Bh4
g5 9. Bg3 Ne4 10. Qc2 d6 11. Nd2 f5 12. f3 Nxg3 13. hxg3 Qf6 14. e4 Nc6 15. Bd3
Rf8 16. O-O-O O-O-O 17. Rh5 Rd7 18. Rdh1 Rh7 19. g4 Ne7 20. Nf1 Rhh8 21. gxf5
exf5 22. exf5 Nxf5 23. Bxf5+ Qxf5 24. Qxf5+ Rxf5 25. Rxh6 Rxh6 26. Rxh6 g4 27.
Ne3 Ra5 28. Nxg4 Rxa3 29. Kb2 Ra5 30. d5 Ba6 31. Ne3 Rc5 32. g4 Bxc4 33. Nxc4
Rxc4 34. g5 Rf4 35. g6 Rxf3 36. g7 {Black resigns} 1-0

[Event "Team 45 45 League T47"]
[Site "Internet Chess Club"]
[Date "2010.11.20"]
[Round "3"]
[White "ILRE"]
[Black "Salvatore"]
[Result "1-0"]
[WhiteElo "1614"]
[BlackElo "1663"]
[Opening "Sicilian: closed"]
[ECO "B23"]
[Time "09:00:19"]
[TimeControl "2700+45"]

1. e4 c5 2. Nc3 g6 3. g3 Bg7 4. Bg2 a6 5. d3 e6 6. f4 Ne7 7. Nf3 Nbc6 8. O-O O-O
9. Ne2 d5 10. e5 b5 11. a3 Bb7 12. g4 Rc8 13. Qe1 Rc7 14. c3 d4 15. Ng5 h6 16.
Ne4 Nxe5 17. fxe5 Bxe5 18. Bxh6 Bg7 19. Bxg7 Kxg7 20. Qh4 Nd5 21. Qxd8 Rxd8 22.
cxd4 cxd4 23. Rfc1 Rxc1+ 24. Rxc1 Ne3 25. Rc7 Bd5 26. Nf4 Nxg4 27. Nxd5 Rxd5 28.
Bh3 Kf8 29. Bxg4 f5 30. Nf6 Rd6 31. Bf3 e5 32. Nd7+ Kg7 33. Nxe5+ Kf6 34. Nd7+
Kg5 35. Ne5 Kf4 36. Nf7 Re6 37. Kf2 Re3 38. Bb7 Rxd3 39. Rc2 Rh3 40. Kg2 Rh7 41.
Bd5 d3 42. Rf2+ Ke3 43. Rf3+ Kd4 44. Bb3 d2 45. Rf1 Ke3 46. Ng5 Rh4 47. Rf3+ Ke2
48. Rf2+ Ke3 49. Kf1 Rg4 50. Ne6 a5 51. Bd1 Rc4 52. Rf3+ Ke4 53. Rf4+ Ke3 54.
Rxc4 bxc4 55. Nc7 g5 56. Kg2 Kd3 57. Kf3 Kd4 58. Ne6+ {Black resigns} 1-0

[Event "Team 45 45 League T47"]
[Site "Internet Chess Club"]
[Date "2010.11.22"]
[Round "3"]
[White "krysto"]
[Black "Helaman"]
[Result "1-0"]
[WhiteElo "1498"]
[BlackElo "1415"]
[Opening "Ruy Lopez: 5.O-O"]
[ECO "C78"]
[Time "21:00:06"]
[TimeControl "2700+45"]

1. e4 e5 2. Nf3 Nc6 3. Bb5 a6 4. Ba4 Nf6 5. O-O b5 6. Bb3 Bc5 7. Re1 Bb7 8. c3
d6 9. d4 Bb6 10. a4 Rb8 11. Bg5 O-O 12. Bc2 Qe7 13. b3 Nd8 14. axb5 axb5 15. d5
c6 16. c4 Ra8 17. Nc3 cxd5 18. cxd5 b4 19. Ne2 Ba6 20. Ng3 Nb7 21. Qd2 Rfc8 22.
Rec1 Rc3 23. h3 Nc5 24. Qd1 Ncd7 25. Ra4 Qd8 26. Nf5 Qc7 27. Bd2 Bxf2+ 28. Kxf2
Nc5 29. Bxc3 Nxa4 30. Bxb4 Qb6+ 31. Kg3 Nh5+ 32. Kh2 g6 33. Qe1 Nc5 34. Ba5 Qa7
35. Nxd6 Nd7 36. Nc4 Bxc4 37. bxc4 Qxa5 38. Qxa5 Rxa5 39. Bd3 Nf4 40. Bf1 Rc5
41. g3 Nh5 42. g4 Nhf6 43. Bd3 Kg7 44. Kg3 Ne8 45. g5 Nd6 46. h4 Ra5 47. h5 gxh5
48. Kh4 Ra3 49. Ne1 Nc5 50. Bb1 Ra1 51. Nc2 Ra4 52. Ne3 Ra3 53. Nf5+ Nxf5+ 54.
exf5 Rf3 55. f6+ Kg8 56. Kxh5 e4 57. d6 e3 58. Be4 Rf2 59. Bc6 e2 60. Re1 Ne6
61. d7 Rf5 62. Rxe2 Rxg5+ 63. Kh4 Rc5 64. d8=Q+ {Black resigns} 1-0

[Event "Team 45 45 League T47"]
[Site "Internet Chess Club"]
[Date "2010.11.19"]
[Round "3"]
[White "BrandonBee"]
[Black "milesotoole"]
[Result "1-0"]
[WhiteElo "1618"]
[BlackElo "1434"]
[Opening "Sicilian: Hungarian variation"]
[ECO "B27"]
[Time "14:46:58"]
[TimeControl "2700+45"]

1. e4 c5 2. Nf3 g6 3. Bc4 Bg7 4. O-O Nc6 5. c3 e6 6. d4 cxd4 7. cxd4 d5 8. exd5
exd5 9. Re1+ Nge7 10. Bb5 O-O 11. Nc3 Nf5 12. Bxc6 bxc6 13. Bf4 Re8 14. Qd2 Nd6
15. b3 Bg4 16. Ne5 Bd7 17. Nxg6 fxg6 18. Bxd6 Bf5 19. Rxe8+ Qxe8 20. Re1 Qd7 21.
Bc5 Bf8 22. Bxf8 Kxf8 23. Qh6+ Kg8 24. Re5 Re8 25. Rxe8+ Qxe8 26. Qe3 Qxe3 27.
fxe3 Kf7 28. Kf2 Ke6 29. Kf3 g5 30. g4 Bd3 31. e4 dxe4+ 32. Nxe4 Bxe4+ 33. Kxe4
a6 34. b4 h6 35. h3 Kf6 36. d5 cxd5+ 37. Kxd5 Ke7 38. a4 Kd7 39. b5 axb5 40.
axb5 Kd8 41. Ke6 {Black resigns} 1-0

[Event "Team 45 45 League T47"]
[Site "Internet Chess Club"]
[Date "2010.11.18"]
[Round "3"]
[White "MASTERCHEF"]
[Black "Razorbackchess"]
[Result "1-0"]
[WhiteElo "1789"]
[BlackElo "1786"]
[Opening "Sicilian defense"]
[ECO "B30"]
[Time "22:00:12"]
[TimeControl "2700+45"]

1. e4 c5 2. Nf3 Nc6 3. d3 g6 4. g3 Bg7 5. Bg2 e5 6. O-O Nge7 7. Nbd2 d6 8. a4
O-O 9. Nc4 h6 10. Ne1 Be6 11. c3 Kh7 12. f4 d5 13. f5 gxf5 14. exf5 Nxf5 15. Ne3
Nxe3 16. Bxe3 d4 17. Bd2 Qd7 18. Qh5 f5 19. Nf3 Bd5 20. Bh3 Bxf3 21. Rxf3 dxc3
22. bxc3 Ne7 23. Bg5 Kg8 24. Bxe7 Qxe7 25. Bxf5 Qg5 26. Qxg5 hxg5 27. Be6+ Kh8
28. Raf1 Rxf3 29. Rxf3 Rf8 30. Kg2 Rxf3 31. Kxf3 Bf6 32. Ke4 b6 33. c4 Kg7 34.
Kf5 a6 35. g4 a5 36. h3 Bd8 37. Kxe5 Bc7+ 38. Kd5 Kf6 39. Kc6 Bd8 40. Kd7 Be7
41. Bf5 {Black resigns} 1-0